 Dungeon Sprint DCSS version 0.26-a0-1040-gbe3abf3417 (webtiles) character file.

Game seed: 9759560782070963282

54 sahdkjhfkaj the Grappler (level 7, -3/84 HPs)
             Began as a Troll Monk on Dec 12, 2020.
             Was an Initiate of Gozag.
             Hit by a large rock thrown by a cyclops (29 damage)
             ... in the Dungeon (Sprint VI: "Thunderdome").
             The game lasted 00:00:56 (358 turns).

sahdkjhfkaj the Grappler (Troll Monk)                Turns: 358, Time: 00:00:56

Health: -3/84      AC:  6    Str: 22    XL:     7   Next: 19%
Magic:  6/6        EV:  5    Int:  6    God:    Gozag
Gold:   383        SH:  0    Dex: 12    Spells: 6/6 levels left

rFire    . . .     SeeInvis .     - Unarmed
rCold    . . .     Faith    .   (no shield)
rNeg     . . .     Spirit   .   a - +0 robe
rPois    .         Reflect  .   (helmet restricted)
rElec    .         Harm     .   (no cloak)
rCorr    .         Rampage  .   (gloves unavailable)
Will     .....     NoTele   +   (boots unavailable)
Stlth    ++........             (no amulet)
HPRegen  0.64/turn              (no ring)
MPRegen  0.10/turn              (no ring)

@: gold aura, held
A: large, unfitting armour, claws 3, regeneration 1, shaggy fur 1, tough skin 3
a: Potion Petition, Call Merchant, Bribe Branch, Renounce Religion


You were in the Dungeon.
You worshipped Gozag.
Gozag was aware of your devotion.
You visited 1 branch You collected 838 gold pieces.
You spent 455 gold pieces at shops.

Inventory:

Armour
 a - a +0 robe (worn)
Wands
 h - a wand of acid (5)
 i - a wand of iceblast (5)
Scrolls
 g - 4 scrolls of blinking
 j - 3 scrolls of fog
Potions
 b - a potion of curing
 c - 4 potions of heal wounds
 d - 4 potions of haste
 e - 2 potions of magic
 k - a potion of resistance


   Skills:
 + Level 9.6 Fighting
 - Level 2.4 Dodging
 - Level 1.0 Stealth
 + Level 11.3 Unarmed Combat


You had 6 spell levels left.
You didn't know any spells.
Your spell library contained the following spells:

 Spells                   Type           Power        Failure   Level
 Leda's Liquefaction      Hex/Erth       #.........   99%         4
 Bolt of Magma            Conj/Fire/Erth #.........   100%        5
 Iron Shot                Conj/Erth      #.........   100%        6
 Statue Form              Tmut/Erth      #........    100%        6
 Shatter                  Erth           #.........   100%        9


Dungeon Overview and Level Annotations

Branches:
Dungeon (1/1)

Altars:
Cheibriados
Dithmenos
Fedhas
Gozag
Kikubaaqudgha
Makhleb
Okawaru
Qazlal
Ru
Sif Muna
Trog
Uskayaw
Vehumet
Wu Jian
Xom
Yredelemnul
Zin
The Shining One
Beogh
Jiyva
Lugonu

Shops:
D *[??*?*:[((!!!!


Innate Abilities, Weirdness & Mutations

You are too large for most types of armour.
You have claws for hands.
Your natural rate of healing is unusually fast.
You are covered in fur. (AC +1)
You have extremely tough skin. (AC +3)


Message History

You mangle the wyvern!!
You kill the wyvern!
Your Unarmed Combat skill increases to level 11!
You have reached level 7!
A cyclops comes into view.
A cyclops is nearby!
Unknown command.
A merfolk and a centaur come into view.
The merfolk shouts!
The centaur wields a +0 shortbow.
The centaur shoots an arrow.
The arrow hits you!
* * * LOW HITPOINT WARNING * * *
Unknown command.
A merfolk comes into view. It is wielding a +0 trident.
The merfolk shouts!
The merfolk throws a throwing net.
The throwing net hits you.
You become entangled in the net!
The cyclops throws a large rock.
The large rock hits you!!
You die...
Your body crumbles into a pile of gold.

##.....## ##∩..m..∩##
#∩...m...∩# #_...Cc.._#
#_......._# #_..[...._#
###.........###
#§...........⌠#
######.8@........8.######
##..__.$....###......___∩#
###∩........8.# #.8........∩
##.............###...........
#⌠.........[###...###........
#⌠.......$..# #.<.# #........
#⌠..........###...###........
##.............###...........
###∩......[)8.# #.8........∩


You could see 2 merfolk, a cyclops and a centaur.

Vanquished Creatures
  2 wyverns (D)
  A water moccasin (D)
  2 gnoll sergeants (D)
  A hound (D)
  A gnoll shaman (D)
  3 adders (D)
  2 gnolls (D)
  A ball python (D)
13 creatures vanquished.

Notes
Turn   | Place    | Note
-------+----------+-------------------------------------------
     0 | D        | sahdkjhfkaj the Troll Monk began the quest for the Orb.
     0 | D        | Reached XP level 1. HP: 22/22 MP: 0/0
     1 | D        | Found a stormy altar of Qazlal.
     2 | D        | Found a burning altar of Makhleb.
     2 | D        | Found a sacrificial altar of Ru.
     3 | D        | Found a glowing golden altar of the Shining One.
     3 | D        | Found a snail-covered altar of Cheibriados.
     4 | D        | Found Pinez's Do-It-Yourself Clinic.
     4 | D        | Found a viscous altar of Jiyva.
     4 | D        | Found a shimmering altar of Xom.
     4 | D        | Found Uhu Vym's Distillery.
     5 | D        | Found Lalaqej's Bottled Wisdom.
     5 | D        | Found Nuhuloil's Distillery.
     5 | D        | Round 1.
     8 | D        | Found a radiant altar of Vehumet.
     9 | D        | Found an iron altar of Okawaru.
    10 | D        | Found a shadowy altar of Dithmenos.
    11 | D        | Found a hide-covered altar of Uskayaw.
    11 | D        | Found a blossoming altar of Fedhas.
    11 | D        | Found a roughly hewn altar of Beogh.
    11 | D        | Found Dinkoh Ekub's Staff Store.
    11 | D        | Found Wewk's Magic Scroll Shop.
    12 | D        | Found Qonarghu's Must-Have Magic.
    12 | D        | Found Korgha Puuwa's Magic Scroll Shop.
    15 | D        | Found a shimmering blue altar of Sif Muna.
    16 | D        | Found a corrupted altar of Lugonu.
    18 | D        | Found a bloodstained altar of Trog.
    18 | D        | Found an opulent altar of Gozag.
    18 | D        | Found Fehe's Identification Station.
    19 | D        | Found Kodesch's Jewellery.
    19 | D        | Found Ypu Vuerhu's Advanced Armour.
    19 | D        | Noticed a water moccasin
    23 | D        | Found a glowing silver altar of Zin.
    28 | D        | Became a worshipper of Gozag Ym Sagoz the Greedy
    31 | D        | Killed a water moccasin
    32 | D        | Reached skill level 5 in Fighting
    32 | D        | Reached skill level 7 in Unarmed Combat
    32 | D        | Reached XP level 2. HP: 19/36 MP: 1/1
    32 | D        | Reached XP level 3. HP: 24/44 MP: 2/2
    32 | D        | Reached XP level 4. HP: 28/52 MP: 3/3
    99 | D        | Arena points: 12 (+12) [x2]
   148 | D        | Round 2.
   154 | D        | Noticed a gnoll sergeant
   169 | D        | Bought a book of the Earth for 455 gold pieces
   177 | D        | Killed a gnoll sergeant
   178 | D        | Reached skill level 8 in Unarmed Combat
   178 | D        | Reached XP level 5. HP: 42/62 MP: 4/4
   221 | D        | Reached skill level 9 in Unarmed Combat
   224 | D        | Found an ornate altar of the Wu Jian Council.
   228 | D        | Reached XP level 6. HP: 57/72 MP: 5/5
   235 | D        | Found an ancient bone altar of Kikubaaqudgha.
   236 | D        | Found Mizxuif's Premium Goods.
   239 | D        | Arena points: 54 (+42) [x3]
   307 | D        | Round 3.
   314 | D        | Found a basalt altar of Yredelemnul.
   314 | D        | Found Vaulas's Weapon Rack.
   314 | D        | Found Rull's Basic Armour.
   315 | D        | Found Soaff's Miscellaneous Merchandise.
   335 | D        | Noticed a wyvern
   343 | D        | Killed a wyvern
   344 | D        | Reached skill level 10 in Unarmed Combat
   349 | D        | Noticed a wyvern
   355 | D        | Killed a wyvern
   356 | D        | Reached skill level 11 in Unarmed Combat
   356 | D        | Reached XP level 7. HP: 36/84 MP: 6/6
   356 | D        | Noticed a cyclops
   357 | D        | Noticed a merfolk
   358 | D        | Noticed a merfolk
   358 | D        | Hit by a large rock thrown by a cyclops

Illustrated notes

Levels and vault maps discovered:
D:        arena_sprint

Skill      XL: |  1  2  3  4  5  6 |
---------------+-------------------+-----
Fighting       | 5 7 8 9 |  9.6
Unarmed Combat | 7 8 9 11 | 11.3
Dodging        | |  2.4
Stealth        | |  1.0

Action                   |  1- 3 |  4- 6 |  7- 9 || total
-------------------------+-------+-------+-------++-------
Melee: Unarmed           |     2 |    36 |       ||    38
  Use: Potion            |     1 |       |       ||     1
Armor: Robe              |     6 |     6 |       ||    12
Dodge: Dodged            |     6 |     9 |       ||    15

Table legend: (Time is in decaauts)
 A = Elapsed time spent in this place.
 B = Non-inter-level travel time spent in this place.
 C = Inter-level travel time spent in this place.
 D = Time resting spent in this place.
 E = Time spent auto-exploring this place.
 F = Levels seen in this place.
 G = Mean time per level.
                   A        B        C        D        E       F      G
               +--------+--------+--------+--------+--------+-----+--------+
         Total |    358 |    358 |      0 |     62 |    184 |   1 |  358.0 |
       Dungeon |    358 |    358 |      0 |     62 |    184 |   1 |  358.0 |
               +--------+--------+--------+--------+--------+-----+--------+

Top non-repeatable levels by time:
       D: 358 daAuts
